 Dungeon Crawl Stone Soup version 0.16.1-4-g8e1b745 (webtiles) character file.

2697 JustSomeDude the Twirler (level 9, -12/88 HPs)
             Began as a Troll Monk on Mar 27, 2015.
             Was a Follower of Ru.
             Mangled by an orc warrior
             ... wielding a +0 short sword
              (16 damage)
             ... on level 6 of the Dungeon on Mar 28, 2015.
             The game lasted 00:47:19 (4815 turns).

JustSomeDude the Twirler (Troll Monk)               Turns: 4815, Time: 00:47:20

Health: -12/88     AC:  5    Str: 22    XL:     9   Next: 38%
Magic:  4/4        EV: 14    Int:  6    God:    Ru [*.....]
Gold:   195        SH:  0    Dex: 19    Spells: 0 memorised, 8 levels left

rFire  . . .     SeeInvis .     v - +6 quarterstaff (chaos)
rCold  . . .     Clarity  .     s - +0 animal skin
rNeg   + . .     SustAb   .     (shield restricted)
rPois  .         Gourm    +     (helmet restricted)
rElec  .         Spirit   .     (no cloak)
rCorr  .         Warding  .     (gloves unavailable)
rMut   .         Stasis   .     (boots unavailable)
MR     .....                    p - amulet of faith
Stlth  ++........               P - ring of positive energy
                                c - ring of loudness

@: agile, lethally poisoned (-12 -> -12), not resistant to hostile enchantments,
unstealthy
A: unfitting armour, claws 3, horns 1, talons 1, deterioration 1, fast
metabolism 3, gourmand, regeneration 2, shaggy fur 1, tough skin 2, inability to
train dodging
a: Renounce Religion


You were on level 6 of the Dungeon.
You worshipped Ru.
Ru was aware of your devotion.
You were very full.

You visited 2 branches of the dungeon, and saw 8 of its levels.

You collected 195 gold pieces.

Inventory:

Hand weapons
 j - a +0 hunting sling
 u - a cursed +0 hammer
 v - a +6 quarterstaff of chaos (weapon)
 D - a +0 scythe
 J - a +0 blowgun
 U - a +4 club
Missiles
 m - 12 stones
 G - 12 tomahawks (quivered)
 K - 24 poisoned needles
Armour
 s - a +0 animal skin (worn)
 F - the +3 leather armour "Frekkaod" {Str+4, unknown}
   (You found it on level 4 of the Dungeon)

   It affects your strength (+4).
Jewellery
 c - a ring of loudness (left claw)
 p - an amulet of faith (around neck)
 y - an uncursed amulet of stasis
 P - a ring of positive energy (right claw)
Magical devices
 r - a wand of magic darts (5)
 I - a wand of polymorph (0)
 S - a wand of fireball (5)
Scrolls
 n - 2 scrolls of remove curse
 o - 2 scrolls of immolation {unknown}
 q - 8 scrolls of identify {unknown}
 t - 2 scrolls of magic mapping {unknown}
 A - 6 scrolls of teleportation {unknown}
 B - a scroll of fog {unknown}
 Q - a scroll of noise {unknown}
Potions
 h - a potion of agility
 H - a potion of poison {unknown}
 L - a potion of cure mutation {unknown}
 M - a potion of berserk rage {unknown}
 N - a potion of resistance {unknown}
 T - a potion of beneficial mutation {unknown}
Books
 d - a book of Geomancy

   Spells                             Type                      Level
   a - Sandblast                      Earth                        1
   b - Stoneskin                      Transmutation/Earth          2
   c - Passwall                       Transmutation/Earth          3
   d - Stone Arrow                    Conjuration/Earth            3
   e - Petrify                        Transmutation/Earth          4
   f - Lee's Rapid Deconstruction     Earth                        5
 O - a Necronomicon {highlevel, unknown}

   This book is beyond your current level of understanding.

   Spells                             Type                      Level
   a - Haunt                          Necromancy/Summoning         7
   b - Borgnjor's Revivification      Necromancy                   8
   c - Death's Door                   Charms/Necromancy            8
   d - Necromutation                  Transmutation/Necromancy     8
Comestibles
 a - 7 chunks of flesh
 b - a meat ration
 g - 2 beef jerkies
 k - 6 bread rations
 z - 4 fruits
 C - 2 slices of pizza


   Skills:
 + Level 5.1 Fighting
 * Level 6.7 Staves
 + Level 1.6 Throwing
 + Level 2.1 Stealth
 + Level 5.2 Unarmed Combat
 + Level 0.1 Evocations


You had 8 spell levels left.
You didn't know any spells.

Dungeon Overview and Level Annotations

Branches:
Dungeon (7/15)             Temple (1/1) D:6

Altars:
Cheibriados
Dithmenos
Elyvilon
Fedhas
Gozag
Kikubaaqudgha
Nemelex Xobeh
Okawaru
Qazlal
Ru
Sif Muna
Trog
Vehumet
Xom
Zin
The Shining One


Innate Abilities, Weirdness & Mutations

You are too large for most types of armour.
You have claws for hands.
Your metabolism is lightning-fast.
You like to eat raw meat.
You heal very quickly.
You are covered in fur (AC +1).
You have very tough skin (AC +2).
You cannot train Dodging skill.
You have a pair of small horns on your head.
You have sharp toenails.
Your body is slowly deteriorating.


Message History

You feel sick.
You feel sick.
You feel sick.
You feel sick.
The orc warrior seems to regain its courage.
You feel sick.
Cornered, the orc warrior turns to fight!
You feel sick.
The orc warrior hits you with a short sword.
* * * LOW HITPOINT WARNING * * *
You closely miss the orc warrior. Your kick misses the orc warrior.
You headbutt the orc warrior, but do no damage.
The orc warrior is heavily wounded.
The orc warrior hits you with a short sword!
* * * LOW HITPOINT WARNING * * *
You closely miss the orc warrior. Your kick misses the orc warrior.
You headbutt the orc warrior, but do no damage.
The orc warrior is heavily wounded.
The orc warrior hits you with a short sword!
You die...

#.#<..#.....#
#.#.###.##)##
#.#.# #.##.#
#.#†# #.##.###
#.#.# #......#
#.#.###..#####
#.#......#
#.######.#
#@.......#
#o######## ###


You could see an orc warrior.

Vanquished Creatures
  Pikel (D:6)
  Grinder (D:5)
  Edmund (D:5)
  2 phantoms
  A water moccasin (D:6)
  A slave (D:6)
  3 sky beasts (D:6)
  4 ogres
  A centaur (D:6)
  Sigmund (D:4)
  Blork the orc (D:6)
  A giant frog zombie (D:6)
  A centaur zombie (D:5)
  3 hounds
  Crazy Yiuf (D:2)
  2 iguanas (D:5)
  An orc priest (D:4)
  3 giant frog skeletons
  Natasha (twice) (D:5)
  2 orc wizards (D:4)
  2 worker ants
  Ijyb (D:6)
  Terence (D:2)
  A hound skeleton (D:4)
  A worker ant zombie (D:6)
  Robin (D:2)
  7 adders
  6 gnolls (D:5)
  4 worms
  A giant mite (D:6)
  An adder zombie (D:5)
  7 giant geckos
  2 oozes
  21 orcs
  4 ball pythons
  18 goblins
  11 hobgoblins
  5 jackals
  10 kobolds
  A quokka (D:6)
  9 bats
  7 giant cockroaches
  15 giant newts
  13 rats
  A plant (D:1)
183 creatures vanquished.

Vanquished Creatures (others)
  2 slaves (D:6)
  A crimson imp (D:6)
  A worker ant (D:6)
  An adder (D:6)
5 creatures vanquished.

Grand Total: 188 creatures vanquished

Notes
Turn   | Place    | Note
--------------------------------------------------------------
     0 | D:1      | JustSomeDude, the Troll Monk, began the quest for the Orb.
     0 | D:1      | Reached XP level 1. HP: 22/22 MP: 1/1
    44 | D:1      | Reached XP level 2. HP: 29/29 MP: 1/1
   546 | D:2      | Reached XP level 3. HP: 36/36 MP: 2/2
   586 | D:2      | Noticed Terence
   587 | D:2      | Noticed Robin
   633 | D:2      | Killed Robin
   641 | D:2      | Killed Terence
   641 | D:2      | Reached XP level 4. HP: 24/44 MP: 2/2
   782 | D:2      | Noticed Crazy Yiuf
   787 | D:2      | Killed Crazy Yiuf
   787 | D:2      | Reached skill level 5 in Unarmed Combat
  1286 | D:3      | Found a blossoming altar of Fedhas.
  1286 | D:3      | Found a stormy altar of Qazlal.
  1625 | D:3      | Reached XP level 5. HP: 46/52 MP: 2/2
  1800 | D:4      | Noticed Sigmund
  1858 | D:4      | Killed Sigmund
  1858 | D:4      | Reached skill level 1 in Staves
  1871 | D:4      | Got an ancient leather armour
  1975 | D:4      | Reached XP level 6. HP: 61/61 MP: 3/3
  2085 | D:4      | Noticed a phantom
  2110 | D:4      | Killed a phantom
  2170 | D:4      | Reached XP level 7. HP: 59/67 MP: 3/3
  2227 | D:4      | Noticed an ogre
  2245 | D:4      | Killed an ogre
  2542 | D:5      | Entered Level 5 of the Dungeon
  2581 | D:5      | Found a white marble altar of Elyvilon.
  2648 | D:5      | Noticed Grinder
  2656 | D:5      | Paralysed by Grinder for 2 turns
  2692 | D:5      | Paralysed by Grinder for 4 turns
  2705 | D:5      | Paralysed by Grinder for 5 turns
  2713 | D:5      | Killed Grinder
  2881 | D:5      | Noticed Natasha
  2897 | D:5      | Killed Natasha
  2931 | D:5      | Reached XP level 8. HP: 78/78 MP: 3/3
  2958 | D:5      | Reached skill level 5 in Dodging
  3254 | D:5      | Noticed Natasha
  3260 | D:5      | Killed Natasha
  3348 | D:5      | Noticed Edmund
  3363 | D:5      | Killed Edmund
  3490 | D:5      | Found a glowing golden altar of the Shining One.
  3669 | D:5      | Reached skill level 5 in Staves
  3776 | D:6      | Reached skill level 1 in Throwing
  3785 | D:6      | Gained mutation: You have sharp toenails. [mutagenic meat]
  3805 | D:6      | Noticed Blork the orc
  3814 | D:6      | Killed Blork the orc
  3874 | D:6      | Noticed Ijyb
  3884 | D:6      | Killed Ijyb
  4040 | D:6      | Gained mutation: Your body is slowly deteriorating. [mutagenic meat]
  4041 | D:6      | Gained mutation: You have a pair of small horns on your head. [mutagenic meat]
  4057 | D:6      | Reached XP level 9. HP: 61/87 MP: 4/4
  4072 | D:6      | Found a staircase to the Ecumenical Temple.
  4111 | D:6      | Noticed Pikel
  4129 | D:6      | Killed Pikel
  4129 | D:6      | Reached skill level 5 in Fighting
  4129 | D:6      | Reached skill level 6 in Staves
  4190 | Temple   | Entered the Ecumenical Temple
  4437 | Temple   | Became a worshipper of Ru the Awakened
  4463 | D:6      | Gained mutation: You cannot train Dodging skill. [Ru sacrifice]
  4463 | D:6      | Acquired Ru's first power
  4814 | D:6      | HP: 4/88 [orc warrior/short sword (10)]
  4815 | D:6      | Mangled by an orc warrior

Action                   |  1- 3 |  4- 6 |  7- 9 || total
-------------------------+-------+-------+-------++-------
Melee: Unarmed           |    93 |    15 |    38 ||   146
       Quarterstaff      |       |   150 |   248 ||   398
Throw: Stone             |       |     1 |       ||     1
       Tomahawk          |       |     8 |     7 ||    15
Invok: Sacrifice Nimblen |       |       |     1 ||     1
Evoke: Wand              |       |     3 |       ||     3
  Use: Potion            |       |     5 |     2 ||     7
       Scroll            |       |       |     6 ||     6
 Stab: Sleeping          |     1 |     2 |       ||     3
       Paralysed         |       |     1 |     3 ||     4
  Eat: Chunk             |     5 |    14 |    24 ||    43
       Meat ration       |       |       |     2 ||     2
